 Dungeon Crawl Stone Soup version 0.23-a0-33-g1e3a2e4e2f (webtiles) character file.

25 Bapho the Poker (level 2, 0/26 HPs)
             Began as a Draconian Monk on Aug 5, 2018.
             Succumbed to an adder's poison
             ... on level 2 of the Dungeon.
             The game lasted 00:01:18 (924 turns).

Bapho the Poker (Draconian Monk)                     Turns: 924, Time: 00:01:18

Health: 0/26       AC:  4    Str: 11 (13) XL:     2   Next: 82%
Magic:  2/2        EV: 12    Int:  9 (10) God:
Gold:   45         SH:  0    Dex: 10 (13) Spells: 1/1 levels left

rFire    . . .     SeeInvis .   a - +0 spear
rCold    . . .     Gourm    .   (no shield)
rNeg     . . .     Faith    .   (armour unavailable)
rPois    .         Spirit   .   (helmet restricted)
rElec    .         Reflect  .   (no cloak)
rCorr    .         Harm     .   (no gloves)
MR       .....                  (no boots)
Stlth    ++........             (no amulet)
HPRegen  0.08/turn              (no ring)
MPRegen  0.08/turn              (no ring)

@: lethally poisoned (0 -> -12)
A: unfitting armour, cold-blooded, AC +4
a: no special abilities


You were on level 2 of the Dungeon.
You were not hungry.

You visited 1 branch of the dungeon, and saw 2 of its levels.

You collected 45 gold pieces.

Inventory:

Hand Weapons
 a - a +0 spear (weapon)
Missiles
 d - 17 stones (quivered)
 i - 12 arrows
Jewellery
 j - an uncursed ring of poison resistance {unknown}
Scrolls
 e - a scroll of identify {unknown}
 f - a scroll of enchant weapon {unknown}
 h - a scroll of remove curse {unknown}
Comestibles
 b - 4 rations
 c - 2 chunks of flesh


   Skills:
 + Level 3.6 Fighting
 * Level 3.6 Polearms
 + Level 3.0 Dodging
 - Level 1.7 Stealth


You had one spell level left.
You didn't know any spells.
Your spell library was empty.

Dungeon Overview and Level Annotations

Branches:
Dungeon (2/15)

Altars:
Trog


Innate Abilities, Weirdness & Mutations

Your plain brown scales are hard. (AC +4)
You cannot fit into any form of body armour.
You are cold-blooded and may be slowed by cold attacks.


Message History

Unknown command.
You hit the adder but do no damage. You tail-slap the adder.
The adder is almost dead.
* * * LOW HITPOINT WARNING * * *
You feel sick. The adder bites you.
* * * LOW HITPOINT WARNING * * *
The adder misses you.
It was a potion of degeneration.
There was something very wrong with that liquid.
You feel weakened.
You feel dopey.
You feel clumsy. The adder closely misses you. The adder bites you.
* * * LOW HITPOINT WARNING * * *
You are more poisoned.
The adder poisons you! The adder barely misses you.
Unknown command.
Unknown command.
Unknown command.
* * * LOW HITPOINT WARNING * * *
You feel sick. The adder bites you but does no damage.
You die...

#.# ###...(.... #.#
#... ....## #.#
#.#.#....< #.#
#.#....### #.#######
#.##.#...
###.......###.##.#.#
...................#
#.....##.####.##.#†#
##...###.## #.##@#S##
##..###..###.##..S.#
#
##≈≈§≈≈.§§≈≈≈#....(.#
#
#≈####'####≈.....#.#
#
###§≈≈.§§§###[#.##...
# #⌠§.....§⌠##)#.#
### #
##≈§._..≈##....#
#####§§§...§§§##..##
....##≈§≈§≈§§###.


You could see an adder.

Vanquished Creatures
  3 goblins (D:1)
  2 hobgoblins (D:1)
  3 jackals (D:1)
  A kobold (D:2)
  3 bats
  A frilled lizard (D:2)
  14 rats
27 creatures vanquished.

Notes
Turn   | Place    | Note
-------+----------+-------------------------------------------
     0 | D:1      | Bapho the Draconian Monk began the quest for the Orb.
     0 | D:1      | Reached XP level 1. HP: 19/19 MP: 1/1
    47 | D:1      | Reached XP level 2. HP: 18/26 MP: 2/2
   871 | D:2      | Found a bloodstained altar of Trog.
   923 | D:2      | HP: 1/26 [poisoned by an adder]
   924 | D:2      | Succumbed to an adder's poison

Vault maps used:
D:1:      erik_arrival_orb_chamber
D:2:      lightli_temple_of_fire, lemuel_crystal_altar, first_ration,
          kennysheep_another_room

Skill      XL: |  1  2 |
---------------+-------+-----
Dodging        | 3 |  3.0
Fighting       | |  3.6
Polearms       | |  3.6
Stealth        | |  1.7

Action                   || total
-------------------------++-------
Melee: Spear             ||   114
       Tailslap          ||     7
Throw: Stone             ||    14
  Use: Potion            ||     1
 Stab: Sleeping          ||     2
Armor: Skin              ||    27
Dodge: Dodged            ||    73

Table legend:
 A = Spawn XP
 B = Non-spawn XP
 C = Spawn XP percentage of total XP
 D = Spawn monster count
 E = Non-spawn monster count
 F = Spawn count percentage of total count
 G = Total turns spent on level
                    A         B        C        D         E        F      G
               +---------+---------+-------+---------+---------+-------+---------
         Total |       0 |      36 |   0.0 |       0 |      27 |   0.0 |   924
               +---------+---------+-------+---------+---------+-------+---------
           D:1 |       0 |      30 |   0.0 |       0 |      22 |   0.0 |   768
           D:2 |       0 |       6 |   0.0 |       0 |       5 |   0.0 |   156
               +---------+---------+-------+---------+---------+-------+---------
